Map: Dusk Towers

Players

patnessdark

  • Race: Zerg Zerg
  • League: Master

xKawaiian - Winner!

  • Race: Terran Terran
  • League: Master

VOD

Have the link to the VOD?

Description

Time

  • Played on: Jan. 17, 2016, 4:55 p.m.
  • Length: 12:49
Show
View Real Time Build Order
Export as new Build Order

patnessdark Zerg 

Build Orders: Hatch First 

Get SALT Encoding   

  12  0:00  Drone  
  13  0:12  Overlord  
  13  0:17  Drone  
  14  0:23  Extractor  
  14  0:24  Drone  
  15  0:30  Drone  
  15  0:34  Drone  
  17  0:44  Drone  
  18  1:02  Hatchery  
  17  1:05  Drone  
  18  1:19  Spawning Pool  
  18  1:20  Drone  
  18  1:24  Drone  
  19  1:31  Overlord  
  19  1:33  Extractor  
  18  1:40  Drone  
  18  1:42  Extractor  
  18  1:50  Drone  
  19  2:00  Drone  
  20  2:06  Queen  
  22  2:11  Zergling x2  
  22  2:14  Drone, Queen  
  26  2:24  Drone  
  26  2:28  Zergling x2  
  28  2:33  Drone  
  28  2:36  Extractor  
  29  2:37  Drone  
  29  2:41  Extractor  
  29  2:42  Metabolic Boost  
  30  2:59  Drone x4  
  30  3:04  Overlord  
  34  3:10  Queen  
  36  3:17  Hatchery, Drone  
  36  3:19  Overlord  
  36  3:21  Extractor  
  36  3:25  Drone x2  
  38  3:27  Drone  
  38  3:29  Drone x2  
  38  3:31  Drone  
  41  3:44  Drone x3  
  41  3:45  Roach Warren  
  43  3:54  Drone  
  43  3:55  Drone  
  45  4:08  Drone x5  
  50  4:11  Lair  
  50  4:15  Extractor  
  48  4:23  Spore Crawler, Queen  
  49  4:24  Spore Crawler  
  49  4:25  Roach  
  49  4:26  Overlord x2  
  50  4:32  Queen  
  52  4:39  Drone  
  52  4:40  Drone x2  
  55  4:46  Roach x3  
  61  4:57  Drone  
  61  4:58  Drone, Extractor  
  61  4:59  Drone  
  64  5:00  Drone x2  
  64  5:01  Drone x3  
  68  5:09  Evolution Chamber x2  
  68  5:11  Ravager x2  
  68  5:14  Overseer  
  68  5:25  Roach x2  
  68  5:26  Overlord x2  
  72  5:37  Zergling x2  
  72  5:39  Overlord x2  
  73  5:46  Zergling x14  
  73  5:47  Zergling x4  
  82  6:01  Roach x8  
  81  6:24  Drone x8  
  89  6:30  Spire  
  88  6:35  Overlord x2  
  88  6:38  Spore Crawler, Queen  
  89  6:45  Overlord x2  
  89  6:50  Zerg Ground Armor Level 1  
  89  6:53  Drone  
  89  6:54  Drone x3  
  93  6:55  Drone  
  93  6:58  Extractor  
  93  6:59  Extractor  
  93  7:00  Drone x2  
  94  7:12  Zergling x12  
  94  7:13  Zergling x4  
  96  7:25  Drone x3  
  92  7:38  Drone  
  92  7:39  Drone x9  
  92  7:43  Zerg Flyer Weapons Level 1  
  103  7:51  Drone x2  
  104  7:59  Zergling x2  
  104  8:00  Baneling Nest, Zergling x10  
  104  8:02  Zerg Melee Weapons Level 1  
  109  8:13  Zergling x10  
  109  8:14  Overseer  
  114  8:21  Hatchery  
  113  8:34  Overlord x3  
  113  8:41  Spore Crawler  
  112  8:48  Zerg Ground Armor Level 2  
  112  8:53  Mutalisk  
  112  8:54  Mutalisk x9  
  112  8:55  Infestation Pit  
  131  9:06  Baneling x2  
  131  9:07  Baneling x6  
  131  9:12  Zergling x12  
  131  9:14  Overlord x3  
  131  9:15  Hatchery  
  136  9:25  Overlord x2  
  136  9:26  Zergling x2  
  137  9:38  Mutalisk x4  
  145  9:48  Zerg Flyer Weapons Level 2  
  145  10:03  Zerg Melee Weapons Level 2  
  145  10:05  Zergling x30  
  160  10:17  Centrifical Hooks  
  160  10:20  Hatchery  
  157  10:25  Mutalisk x2  
  157  10:27  Overlord x3  
  161  10:29  Baneling  
  161  10:30  Baneling  
  161  10:33  Overlord x3  
  161  10:34  Drone x3  
  162  11:05  Zergling x18  
  172  11:26  Baneling  
  172  11:27  Baneling x8  
  172  11:30  Baneling x7  
  168  11:34  Hatchery  
  148  11:45  Zergling x18  
  142  11:53  Zergling x2  
  119  12:05  Zergling x6  
  122  12:08  Zergling x2  
  122  12:09  Zergling x2  
  122  12:14  Hatchery  
  123  12:17  Zergling x2  
  123  12:18  Zergling x4  
  120  12:23  Zergling x2  
  120  12:27  Zergling x6  
Show
View Real Time Build Order
Export as new Build Order

xKawaiian Terran - Winner!

Build Orders: Reaper Expand, MMM Bio 

Get SALT Encoding   

  12  0:00  SCV  
  13  0:13  SCV  
  14  0:17  Supply Depot  
  14  0:25  SCV  
  15  0:39  SCV  
  15  0:40  Barracks  
  16  0:45  Refinery  
  16  0:51  SCV  
  17  1:03  SCV  
  18  1:15  SCV  
  19  1:30  Reaper, Orbital Command  
  20  1:44  Command Center  
  20  1:54  Supply Depot  
  20  1:55  SCV  
  21  2:03  Barracks Reactor  
  21  2:08  Barracks  
  21  2:10  SCV  
  22  2:19  Barracks  
  22  2:23  SCV  
  23  2:35  SCV  
  24  2:39  Marine x2  
  26  2:47  SCV  
  27  2:57  Marine x2, Orbital Command  
  29  2:58  Barracks Tech Lab  
  29  2:59  SCV  
  29  3:05  Factory  
  30  3:09  Marine  
  30  3:11  SCV  
  32  3:15  Refinery, Marine  
  32  3:17  Stimpack  
  32  3:19  Marine  
  34  3:20  Marine  
  34  3:23  SCV  
  34  3:25  SCV  
  37  3:34  Marine  
  37  3:35  SCV, Marine  
  37  3:37  SCV, Marine  
  37  3:41  Marine  
  43  3:42  Supply Depot  
  43  3:51  Starport  
  43  3:52  Marine  
  43  3:53  Factory Reactor  
  43  3:54  Marine  
  43  3:55  Marine  
  46  4:04  SCV x2, Supply Depot  
  46  4:06  Marine  
  48  4:14  Marine x2  
  48  4:16  SCV x2  
  52  4:21  Supply Depot  
  52  4:23  Supply Depot  
  52  4:28  SCV x2  
  54  4:36  Medivac x2  
  54  4:38  Marine  
  58  4:40  SCV  
  60  4:46  Command Center  
  60  4:47  SCV  
  60  4:48  Marine  
  60  4:51  Barracks Reactor  
  60  4:52  Marine  
  63  4:54  SCV  
  63  4:57  Factory Reactor  
  63  4:59  SCV  
  65  5:05  Engineering Bay, Marine  
  65  5:06  Engineering Bay  
  66  5:11  Marine x2  
  66  5:12  SCV  
  69  5:14  SCV  
  69  5:17  Refinery  
  69  5:19  Refinery  
  70  5:21  Combat Shields  
  70  5:23  Marine  
  70  5:24  SCV  
  70  5:26  SCV  
  73  5:29  Marine  
  73  5:30  Marine  
  73  5:31  Supply Depot  
  73  5:34  Medivac  
  77  5:36  SCV  
  78  5:50  Terran Infantry Weapons Level 1  
  78  5:52  SCV x2, Marine x3  
  78  5:54  Terran Infantry Armor Level 1  
  83  6:00  Marine x2  
  83  6:01  SCV  
  87  6:09  SCV  
  87  6:10  Marine x2  
  85  6:15  SCV  
  83  6:19  Barracks x2, Orbital Command  
  83  6:23  Marauder, Marine  
  83  6:24  Medivac x2  
  84  6:26  Factory Tech Lab  
  84  6:27  SCV  
  84  6:29  SCV  
  84  6:32  Supply Depot  
  86  6:35  Supply Depot, Marine  
  86  6:36  Marine  
  86  6:38  Marine  
  86  6:39  SCV  
  90  6:41  SCV, Marine  
  92  6:50  Marine  
  92  6:51  SCV, Siege Tank  
  92  6:53  SCV  
  98  6:54  Marine  
  98  6:55  Factory  
  99  7:02  Armory  
  99  7:03  SCV, Marine x3  
  99  7:06  Marine x2  
  99  7:07  Orbital Command  
  105  7:14  Marine x2  
  104  7:23  Siege Tank  
  104  7:25  Marine x4  
  104  7:26  Marine  
  104  7:28  SCV  
  113  7:35  Barracks Reactor  
  108  7:37  SCV x2  
  108  7:41  Factory Tech Lab  
  108  7:43  SCV  
  111  7:50  SCV  
  111  7:51  Supply Depot, SCV  
  112  7:53  Supply Depot  
  112  7:55  SCV, Siege Tank, Supply Depot  
  117  8:04  Terran Infantry Weapons Level 2  
  117  8:10  Refinery x2  
  117  8:11  Terran Infantry Armor Level 2  
  117  8:12  Medivac, Marine x4  
  125  8:13  Marauder  
  125  8:16  Marine x4  
  129  8:23  SCV  
  130  8:27  Siege Tank  
  130  8:29  Siege Tank  
  130  8:33  Marine x4  
  140  8:35  Marine  
  140  8:37  Command Center  
  141  8:46  Supply Depot  
  141  8:47  Supply Depot  
  141  8:48  Supply Depot  
  141  8:52  Terran Vehicle Weapons Level 1  
  141  9:04  Supply Depot  
  141  9:07  SCV x2, Marine x6  
  141  9:08  Supply Depot, Medivac x2, SCV, Marine x3  
  157  9:15  Siege Tank  
  160  9:19  SCV  
  161  9:25  Marine x2  
  161  9:30  Barracks  
  161  9:31  Supply Depot, Barracks  
  163  9:32  Barracks  
  163  9:34  Missile Turret  
  163  9:37  Missile Turret  
  163  9:38  Medivac  
  157  9:39  Missile Turret  
  157  9:42  Missile Turret  
  157  9:45  Marine  
  158  9:47  Missile Turret  
  158  9:49  SCV x2  
  158  9:51  Medivac  
  162  9:55  SCV  
  162  10:05  Marine x4  
  165  10:07  Missile Turret x2  
  165  10:11  Planetary Fortress  
  165  10:17  Siege Tank  
  167  10:21  Marine x2  
  167  10:22  Barracks Reactor, Barracks Tech Lab, Marine x2  
  163  10:29  Missile Turret  
  163  10:37  Marauder, Missile Turret, Marine x3  
  164  10:44  Missile Turret  
  164  10:46  Marine  
  164  10:47  Marine x2  
  167  10:50  Missile Turret x2  
  167  10:54  Marine x2  
  167  10:55  Marine x4  
  171  10:58  Marauder  
  171  11:03  Missile Turret  
  171  11:04  Marine x2  
  171  11:07  Missile Turret  
  173  11:11  Missile Turret  
  173  11:20  Marauder  
  173  11:22  Marine x2  
  173  11:23  Factory Tech Lab, Siege Tank, Medivac x2  
  184  11:33  Marine x2  
  163  11:56  Command Center  
  160  12:02  SCV x2  
  160  12:07  Marine x3  
  165  12:10  SCV  
  165  12:14  SCV x2, Medivac  
  170  12:23  SCV  
  170  12:25  Marine  
  170  12:26  Marine  
  175  12:41  Command Center  
Tags
 
Add a new tag
Caveats
  • Supply blocks, unpowered buildings, or Contaminate may cause inaccurate times.
  • Supply counts are checked every 10 seconds.